 Dungeon Crawl Stone Soup version 0.21.0-24-g2553a33 (webtiles) character file.

17550 Monsterracer the Grappler (level 12, 0/118 HPs)
             Began as a Troll Skald on Jan 20, 2018.
             Slain by a black mamba (6 damage)
             ... on level 9 of the Dungeon.
             The game lasted 00:20:53 (12173 turns).

Monsterracer the Grappler (Troll Skald)            Turns: 12173, Time: 00:20:54

Health: 0/118      AC:  7    Str: 26    XL:     12   Next: 19%
Magic:  12/12      EV: 12    Int:  9    God:
Gold:   420        SH: 10    Dex: 11    Spells: 13/13 levels left

rFire    . . .     SeeInvis .     - Unarmed
rCold    + . .     Gourm    +   l - +0 shield
rNeg     + . .     Faith    .   a - +0 robe
rPois    .         Spirit   .   (helmet restricted)
rElec    .         Reflect  .   m - +1 cloak
rCorr    .         Harm     .   (gloves unavailable)
MR       +++..     Clarity  +   (boots unavailable)
Stlth    +.........             H - amulet of the Four Winds {rN+ MR+++ Clar}
HPRegen  0.69/turn              d - +2 ring of dexterity
MPRegen  0.13/turn              g - ring of protection from cold {!d}

@: no status effects
A: large, unfitting armour, claws 3, fast metabolism 3, gourmand, regeneration
1, shaggy fur 1, tough skin 2
a: no special abilities


You were on level 9 of the Dungeon.
You were full.

You visited 3 branches of the dungeon, and saw 13 of its levels.

You collected 549 gold pieces.
You spent 129 gold pieces at shops.

Inventory:

Missiles
 B - 3 large rocks
 D - 3 javelins
 E - 5 tomahawks of returning
 F - 13 tomahawks (quivered)
Armour
 a - a +0 robe (worn)
 l - a +0 shield (worn)
 m - a +1 cloak (worn)
Jewellery
 d - a +2 ring of dexterity (left claw)
 g - a ring of protection from cold (right claw) {!d}
 t - the amulet "Nihoacza" {+Rage Str+5}
   (You found it on level 4 of the Dungeon)

   [amulet of rage]

   It affects your strength (+5).
   It lets you go berserk.
 x - an uncursed ring of flight
 H - the amulet of the Four Winds (around neck) {rN+ MR+++ Clar}
   (You found it on level 10 of the Dungeon)

   [amulet of nothing]

   It protects you from negative energy.
   It affects your resistance to hostile enchantments.
   It protects you against confusion.
Wands
 b - a wand of iceblast (18)
 f - a wand of digging (6)
 n - a wand of enslavement (15)
 q - a wand of polymorph (14)
 G - a wand of acid (12)
Scrolls
 h - 7 scrolls of magic mapping {!r}
 y - 6 scrolls of remove curse
 z - 2 scrolls of summoning {!r}
 A - 8 scrolls of teleportation
Potions
 e - 4 potions of might
 i - a potion of invisibility {unknown}
 j - 4 potions of lignification
 k - 7 potions of curing
 o - 6 potions of magic
 p - 2 potions of ambrosia {!q}
 r - a potion of agility {unknown}
 s - a potion of resistance {unknown}
 u - 2 potions of haste
 v - 2 potions of heal wounds
 w - 2 potions of flight {unknown}
Comestibles
 c - 20 rations


   Skills:
 + Level 7.1 Fighting
 * Level 7.4 Throwing
 + Level 7.1 Dodging
 + Level 6.7 Shields
 * Level 12.0 Unarmed Combat
 - Level 1.2 Spellcasting
   Level 2.0 Charms


You had 13 spell levels left.
You didn't know any spells.

Dungeon Overview and Level Annotations

Branches:
Dungeon (11/15)            Temple (1/1) D:5            Lair (1/6) D:9
    Orc (0/2) D:10

Altars:
Ashenzari
Cheibriados
Dithmenos
Elyvilon
Fedhas
Gozag
Hepliaklqana
Kikubaaqudgha
Makhleb
Nemelex Xobeh
Okawaru
Qazlal
Ru
Sif Muna
Trog
Uskayaw
Vehumet
Wu Jian
Xom
Yredelemnul
Zin
The Shining One
Jiyva

Shops:
D:5 *   D:6 ?   D:11 %


Innate Abilities, Weirdness & Mutations

You are too large for most types of armour.
You have claws for hands.
Your metabolism is lightning-fast.
You like to eat raw meat.
Your natural rate of healing is unusually fast.
You are covered in fur. (AC +1)
You have very tough skin. (AC +2)


Message History

Aim: a seven-headed hydra You throw a large rock.
The large rock hits the seven-headed hydra!!
The seven-headed hydra is moderately wounded.
The seven-headed hydra bites you.
The seven-headed hydra barely misses you.
The seven-headed hydra bites you. x2
The seven-headed hydra barely misses you.
The seven-headed hydra bites you!
You block the seven-headed hydra's attack.
You take 24 damage, and have 94/118 hp.
MASSIVE DAMAGE!!
Throwing (i - inventory. (,) - cycle):
F - 13 tomahawks (quivered)
Press: ? - help, Shift-Dir - straight line, f/p - seven-headed hydra
Aim: a seven-headed hydra (moderately wounded)
Okay, then.
Unknown command.
Fire/throw which item? (* to show all) (? for menu, Esc to quit)
Press: ? - help, Shift-Dir - straight line, f/p - seven-headed hydra
Aim: a seven-headed hydra (moderately wounded)
You throw a large rock.
The large rock barely misses the seven-headed hydra.
The seven-headed hydra completely misses you.
The seven-headed hydra bites you but does no damage.
The seven-headed hydra bites you!
You block the seven-headed hydra's attack.
The seven-headed hydra misses you.
The seven-headed hydra closely misses you.
The seven-headed hydra bites you. The seven-headed hydra bites you!
The seven-headed hydra barely misses you.
The seven-headed hydra bites you!
* * * LOW HITPOINT WARNING * * *
You block the seven-headed hydra's attack.
The seven-headed hydra bites you.
* * * LOW HITPOINT WARNING * * *
You block the seven-headed hydra's attack.
The seven-headed hydra bites you!
* * * LOW HITPOINT WARNING * * *
You take 51 damage, and have 43/118 hp.
MASSIVE DAMAGE!!
Fire/throw which item? (* to show all) (? for menu, Esc to quit)
Press: ? - help, Shift-Dir - straight line, f/p - seven-headed hydra
Aim: a seven-headed hydra (moderately wounded)
Okay, then.
Evoke which item? (* to show all) (? for menu, Esc to quit)
Aiming: Corrosive Bolt
Press: ? - help, Shift-Dir - straight line, f/p - seven-headed hydra
Aim: a seven-headed hydra (moderately wounded)
The bolt of acid hits the seven-headed hydra.
The seven-headed hydra is splashed with acid.
The seven-headed hydra is heavily wounded.
You block the seven-headed hydra's attack. x2
The seven-headed hydra bites you!
* * * LOW HITPOINT WARNING * * *
The seven-headed hydra bites you but does no damage.
The seven-headed hydra bites you!
* * * LOW HITPOINT WARNING * * *
The seven-headed hydra bites you!
* * * LOW HITPOINT WARNING * * *
The seven-headed hydra bites you!
* * * LOW HITPOINT WARNING * * *
You take 32 damage, and have 11/118 hp.
MASSIVE DAMAGE!!
Okay, then.
You see here a water moccasin skeleton.
A black mamba comes into view.
The black mamba hisses angrily.
You block the black mamba's attack. You block the black mamba's attack.
You see here a water moccasin skeleton.
The black mamba barely misses you. You block the black mamba's attack.
The black mamba bites you but does no damage.
You block the black mamba's attack. You block the black mamba's attack.
The black mamba barely misses you.
There is a staircase back to the Dungeon, spattered with blood here.
The black mamba bites you!
* * * LOW HITPOINT WARNING * * *
The black mamba bites you but does no damage.
You climb upwards.
Welcome back to the Dungeon!
There is a staircase to the Lair here.
Unknown command.
Unknown command.
Unknown command.
You take 9 damage, and have 24/118 hp.
Unknown command.
Unknown command.
Unknown command.
You closely miss the black mamba. You block the black mamba's attack.
You barely miss the black mamba. You block the black mamba's attack.
The black mamba bites you but does no damage.
You closely miss the black mamba. You block the black mamba's attack.
You miss the black mamba. You block the black mamba's attack.
The black mamba bites you!
* * * LOW HITPOINT WARNING * * *
You are poisoned.
The black mamba poisons you!
You take 13 damage, and have 13/118 hp.
You feel better. The black mamba bites you!
* * * LOW HITPOINT WARNING * * *
The black mamba bites you.
You die...

...........##....#
###........##....#
###........##....#
....[...####.....# #######[#
#.....# .# #[# #.....# .# #.#
###'###
.######.######.#################
.'..............@S....>........#
.######.######.##############.##
.# #.# #.##...........#.# .# #.#
#.##....######.#.# .######.###
#.##....# #}..# ##........#
#.......# ##### ##........#
#####...# ##........# #...#
##........# #...#


You could see a black mamba.

Vanquished Creatures
  A centaur warrior (D:9)
  7 two-headed ogres
  A skeletal warrior (D:8)
  An unseen horror (D:8)
  2 cyclopes
  The ghost of p0werm0de the Fighter, a novice DsCK of Xom (D:5)
  Maurice (D:9)
  The ghost of pstr the Digger, a novice NaEE (D:4)
  2 trolls
  A merfolk (D:9)
  2 hippogriffs (D:10)
  A vampire (D:8)
  2 wyverns (D:10)
  Sigmund (D:5)
  7 yaks
  A hog (D:10)
  2 water moccasins
  A sky beast (D:8)
  Duvessa (D:4)
  11 black bears
  5 orc warriors
  2 necrophages
  A phantom (D:10)
  5 ogres
  6 centaurs
  3 big kobolds
  15 bullfrogs
  A wyvern zombie (D:7)
  Dowan (D:4)
  A wyvern skeleton (D:8)
  A scorpion (D:7)
  9 killer bees
  11 wights
  4 electric eels (D:10)
  6 howler monkeys
  3 crimson imps
  4 hounds
  5 orc priests
  2 gnoll shamans
  2 quasits (D:10)
  2 centaur skeletons
  A jelly (D:7)
  8 orc wizards
  An iguana (D:10)
  6 worker ants
  A killer bee zombie (D:7)
  A hound skeleton (D:11)
  A howler monkey zombie (D:8)
  A worker ant zombie (D:9)
  8 adders
  7 gnolls
  6 shadow imps
  An ooze (D:3)
  3 adder skeletons
  A worm (D:2)
  3 dart slugs
  10 leopard geckos
  18 orcs
  2 ball pythons
  4 bats
  2 giant cockroaches
  11 goblins
  6 hobgoblins
  13 jackals
  4 quokkas
  6 frilled lizards
  15 kobolds
  A quokka zombie (D:5)
  6 rats
283 creatures vanquished.

Vanquished Creatures (others)
  A plant (D:10)
1 creature vanquished.

Grand Total: 284 creatures vanquished

Notes
Turn   | Place    | Note
-------+----------+-------------------------------------------
     0 | D:1      | Monsterracer the Troll Skald began the quest for the Orb.
     0 | D:1      | Reached XP level 1. HP: 19/19 MP: 1/1
    65 | D:1      | Reached XP level 2. HP: 19/27 MP: 2/2
   101 | D:1      | Found a viscous altar of Jiyva.
   126 | D:1      | Reached skill level 3 in Unarmed Combat
   168 | D:1      | Reached XP level 3. HP: 31/33 MP: 3/3
   572 | D:1      | You fall through a shaft!
   767 | D:2      | Found a white marble altar of Elyvilon.
   810 | D:2      | Reached skill level 4 in Unarmed Combat
   831 | D:2      | Reached XP level 4. HP: 42/42 MP: 4/4
  1151 | D:2      | Found a bloodstained altar of Trog.
  1293 | D:3      | Found a glowing silver altar of Zin.
  1323 | D:3      | Found a glowing golden altar of the Shining One.
  1449 | D:3      | Reached XP level 5. HP: 45/49 MP: 5/5
  1610 | D:3      | Reached skill level 1 in Shields
  1885 | D:3      | You fall through a shaft for 3 floors!
  2006 | D:5      | Entered Level 5 of the Dungeon
  2045 | D:5      | Noticed a yak
  2046 | D:5      | Noticed a yak
  2047 | D:5      | Noticed a yak
  2057 | D:5      | Killed a yak
  2057 | D:5      | Reached skill level 5 in Unarmed Combat
  2057 | D:5      | Reached XP level 6. HP: 46/59 MP: 6/6
  2061 | D:5      | Killed a yak
  2061 | D:5      | Reached XP level 7. HP: 45/66 MP: 7/7
  2063 | D:5      | HP: 32/66 [yak (11)]
  2068 | D:5      | HP: 19/66 [yak (2)]
  2069 | D:5      | Killed a yak
  2069 | D:5      | Reached skill level 6 in Unarmed Combat
  2219 | D:5      | Noticed Sigmund
  2228 | D:5      | Killed Sigmund
  2338 | D:5      | Found Amoezu's General Store.
  2359 | D:5      | Bought a scroll of teleportation for 39 gold pieces
  2408 | D:5      | Found a staircase to the Ecumenical Temple.
  2561 | D:5      | Noticed p0werm0de's ghost (novice DsCK)
  2580 | D:5      | Killed p0werm0de's ghost
  2580 | D:5      | Reached skill level 7 in Unarmed Combat
  2580 | D:5      | Reached XP level 8. HP: 55/78 MP: 8/8
  2670 | D:4      | Noticed pstr's ghost (novice NaEE)
  2690 | D:4      | HP: 38/78 [pstr's ghost (6)]
  2692 | D:4      | Killed pstr's ghost
  2695 | D:4      | HP: 33/78 [poisoned by pstr's ghost]
  2700 | D:4      | HP: 29/78 [poisoned by pstr's ghost]
  2705 | D:4      | HP: 28/78 [poisoned by pstr's ghost]
  2710 | D:4      | HP: 28/78 [poisoned by pstr's ghost]
  2716 | D:4      | HP: 29/78 [poisoned by pstr's ghost]
  2724 | D:4      | HP: 32/78 [poisoned by pstr's ghost]
  2732 | D:4      | HP: 35/78 [poisoned by pstr's ghost]
  2939 | D:4      | Noticed Dowan
  2940 | D:4      | Noticed Duvessa
  2944 | D:4      | Killed Duvessa
  2970 | D:4      | Killed Dowan
  3001 | D:4      | Got a fine bone amulet
  3020 | D:4      | Identified the amulet "Nihoacza" {+Rage Str+5} (You found it on level 4 of the Dungeon)
  3098 | D:4      | Found a bloodstained altar of Trog.
  3102 | D:4      | Found a deep blue altar of Sif Muna.
  3107 | D:4      | Found a shadowy altar of Dithmenos.
  3107 | D:4      | Found a blossoming altar of Fedhas.
  3108 | D:4      | Found a basalt altar of Yredelemnul.
  3108 | D:4      | Found an opulent altar of Gozag.
  3112 | D:4      | Found a burning altar of Makhleb.
  3952 | D:6      | Reached skill level 8 in Unarmed Combat
  4334 | D:6      | Reached XP level 9. HP: 77/85 MP: 9/9
  4372 | D:6      | Found a shimmering altar of Xom.
  4539 | D:6      | Found Leimn's Magic Scroll Emporium.
  4564 | D:6      | Bought a scroll of enchant armour for 90 gold pieces
  4905 | D:7      | Reached skill level 5 in Dodging
  4979 | D:7      | Reached skill level 9 in Unarmed Combat
  5132 | D:7      | Reached skill level 5 in Fighting
  5457 | D:7      | Found a sacrificial altar of Ru.
  5642 | D:8      | HP: 43/88 [poisoned by a killer bee]
  5647 | D:7      | HP: 35/88 [poisoned by a killer bee]
  5652 | D:7      | HP: 32/88 [poisoned by a killer bee]
  5657 | D:7      | HP: 31/88 [poisoned by a killer bee]
  5663 | D:7      | HP: 31/88 [poisoned by a killer bee]
  5668 | D:7      | HP: 32/88 [poisoned by a killer bee]
  5675 | D:7      | HP: 35/88 [poisoned by a killer bee]
  5683 | D:7      | HP: 38/88 [poisoned by a killer bee]
  5843 | D:8      | Reached skill level 5 in Shields
  5851 | D:8      | Noticed a skeletal warrior
  5913 | D:8      | HP: 33/88 [skeletal warrior/trident (16)]
  5914 | D:8      | HP: 10/88 [skeletal warrior/trident (24)]
  5926 | D:8      | HP: 13/88 [worker ant (4)]
  5931 | D:8      | HP: 9/88 [poisoned by a worker ant]
  5936 | D:7      | HP: 9/88 [poisoned by a worker ant]
  5939 | D:7      | Reached XP level 10. HP: 11/96 MP: 10/10
  5942 | D:7      | HP: 12/96 [poisoned by a worker ant]
  5950 | D:7      | HP: 15/96 [poisoned by a worker ant]
  6120 | D:8      | HP: 42/96 [skeletal warrior/trident (15)]
  6121 | D:8      | HP: 20/96 [skeletal warrior/trident (23)]
  6274 | D:8      | Found the +7 lajatang of Order {silver, rMut}
  6284 | D:8      | HP: 35/96 [shadow imp/nerve-wracking pain (14)]
  6287 | D:8      | Noticed a cyclops
  6290 | D:8      | HP: 27/96 [something (2)]
  6294 | D:8      | HP: 9/96 [something (8)]
  6295 | D:8      | HP: 4/96 [something (6)]
  6300 | D:8      | HP: 5/96 [bullfrog (2)]
  6525 | D:8      | HP: 46/96 [something (4)]
  6530 | D:8      | HP: 47/96 [poisoned by a skeletal warrior]
  6713 | D:9      | Reached skill level 10 in Unarmed Combat
  6819 | D:9      | Found a sparkling altar of Nemelex Xobeh.
  6824 | D:9      | Noticed Maurice
  6837 | D:9      | Killed Maurice
  6895 | D:9      | Noticed a two-headed ogre
  6900 | D:9      | Killed a two-headed ogre
  7130 | D:9      | HP: 49/98 [orc/flail (8)]
  7269 | D:9      | Found a staircase to the Lair.
  7553 | Lair:1   | Entered Level 1 of the Lair of Beasts
  7599 | Lair:1   | Noticed a seven-headed hydra
  7691 | D:8      | Killed a cyclops
  8075 | D:8      | Killed an unseen horror
  8182 | D:10     | Entered Level 10 of the Dungeon
  8197 | D:10     | Noticed a centaur warrior
  8210 | D:9      | HP: 46/98 [centaur warrior (5)]
  8212 | D:9      | Killed a centaur warrior
  8212 | D:9      | Reached skill level 5 in Throwing
  8212 | D:9      | Reached XP level 11. HP: 49/105 MP: 11/11
  8220 | D:9      | HP: 37/105 [black bear (3)]
  8430 | Temple   | Entered the Ecumenical Temple
  8570 | D:8      | HP: 51/105 [skeletal warrior/whip of venom (13)]
  8571 | D:8      | Killed a skeletal warrior
  8575 | D:8      | HP: 42/105 [poisoned by a skeletal warrior]
  8580 | D:8      | HP: 36/105 [poisoned by a skeletal warrior]
  8585 | D:8      | HP: 33/105 [poisoned by a skeletal warrior]
  8591 | D:8      | HP: 32/105 [poisoned by a skeletal warrior]
  8597 | D:8      | HP: 32/105 [poisoned by a skeletal warrior]
  8602 | D:8      | HP: 33/105 [poisoned by a skeletal warrior]
  8609 | D:8      | HP: 36/105 [poisoned by a skeletal warrior]
  8617 | D:8      | HP: 39/105 [poisoned by a skeletal warrior]
  9037 | D:10     | Found a staircase to the Orcish Mines.
  9057 | D:10     | Noticed a two-headed ogre
  9096 | D:10     | Killed a two-headed ogre
  9096 | D:10     | Reached skill level 11 in Unarmed Combat
  9585 | D:10     | HP: 52/107 [electric eel/bolt of electricity (7)]
  9617 | D:10     | HP: 34/107 [merfolk/trident (21)]
  9630 | D:10     | HP: 34/107 [centaur/arrow (9)]
  9934 | D:10     | HP: 52/107 [electric eel/bolt of electricity (11)]
  9972 | D:10     | HP: 50/107 [iguana (11)]
  9991 | D:10     | HP: 53/107 [bullfrog (6)]
  9998 | D:10     | HP: 52/107 [orc priest/flail (5)]
 10276 | D:10     | Noticed a two-headed ogre
 10282 | D:10     | Killed a two-headed ogre
 10382 | D:10     | Noticed a two-headed ogre
 10388 | D:10     | Killed a two-headed ogre
 10476 | D:10     | Noticed a two-headed ogre
 10477 | D:10     | Killed a two-headed ogre
 10479 | D:10     | HP: 52/107 [orc warrior/halberd (10)]
 10624 | D:10     | Found the amulet of the Four Winds {rN+ MR+++ Clar}
 10735 | D:10     | Found a glowing silver altar of Zin.
 11131 | D:10     | Reached XP level 12. HP: 90/115 MP: 12/12
 11770 | D:11     | Noticed a two-headed ogre
 11782 | D:11     | Killed a two-headed ogre
 11858 | D:11     | Found Hagre's Food Shop.
 11877 | D:11     | Noticed a two-headed ogre
 11883 | D:11     | HP: 58/118 [two-headed ogre/giant club (20)]
 11890 | D:11     | HP: 41/118 [two-headed ogre/giant club (13)]
 11891 | D:11     | HP: 14/118 [two-headed ogre/giant club (26)]
 11892 | D:11     | Killed a two-headed ogre
 11892 | D:11     | Reached skill level 12 in Unarmed Combat
 11925 | D:11     | HP: 31/118 [manticore/volley of spikes (6)]
 12133 | Lair:1   | HP: 56/118 [seven-headed hydra (14)]
 12134 | Lair:1   | HP: 22/118 [seven-headed hydra (7)]
 12167 | Lair:1   | HP: 23/118 [black mamba (11)]
 12172 | D:9      | HP: 13/118 [black mamba (13)]
 12173 | D:9      | HP: 6/118 [black mamba (14)]
 12173 | D:9      | Slain by a black mamba

Skill      XL: |  1  2  3  4  5  6  7  8  9 10 11 12 |
---------------+-------------------------------------+-----
Unarmed Combat | 3 4 5 7 8 9 10 11 12 | 12.0
Dodging        | 2 3 4 5 6 7 |  7.1
Fighting       | 2 3 4 5 6 7 |  7.1
Shields        | 1 2 3 4 5 6 |  6.7
Throwing       | 5 7 |  7.4
Spellcasting   | |  1.2
Charms         | |  2.0

Action                   |  1- 3 |  4- 6 |  7- 9 | 10-12 || total
-------------------------+-------+-------+-------+-------++-------
Melee: Unarmed           |    90 |   114 |   298 |   490 ||   992
       Punch             |       |     2 |     4 |       ||     6
Throw: Tomahawk          |       |       |       |     7 ||     7
       Large rock        |       |       |       |     3 ||     3
Evoke: Wand              |       |       |       |     3 ||     3
  Use: Scroll            |       |     6 |    11 |     9 ||    26
       Potion            |       |       |       |     1 ||     1
 Stab: Sleeping          |     1 |       |       |     2 ||     3
  Eat: Chunk             |    13 |    10 |    33 |    48 ||   104
       Ration            |       |       |     1 |     2 ||     3
Armor: Robe              |    31 |    23 |    59 |   106 ||   219
Dodge: Dodged            |    56 |    53 |    88 |   186 ||   383
Block: Shield            |       |       |    92 |   244 ||   336

Vault maps used:
D:1:      erik_arrival_cave_to_civilisation
D:2:      lemuel_coloured_pillars_altar, first_ration, bloody_trog
D:3:      nicolae_overflow_hidden_temple, lemuel_doored_altar,
          grunt_ministairs_13
D:4:      minitemple, uniq_duvessa
D:5:      temple_hall, serial_shops, shop, uniq_sigmund
D:6:      lemuel_crystal_altar, serial_shops, shop
D:7:      nicolae_ru_sacrificial_ziggurat
D:8:      minmay_cut_squares
D:9:      nemelex_altar_shiori, lair_entry_dummy, uniq_maurice
D:10:     kennysheep_town, serial_shops
D:11:     serial_shops, nicolae_shop_crystal, feat_on_display
Temple:   eino_wide_crystal_templ
Lair:1:   kennysheep_rathole, infiniplex_staircase_pool, lemuel_fruit_fields,
          minmay_lair_oklob_chamber, uniq_joseph
